 Dungeon Crawl Stone Soup version 0.26.1-11-gd32895ea62 (webtiles) character file.

Game seed: 3050260111732535616

23130 ABBCCCDDDD the Covert (level 12, -2/77 HPs)
             Began as a Vampire Enchanter on July 6, 2021.
             Was a High Priest of Dithmenos.
             Slain by an alligator simulacrum (18 damage)
             ... in an ice cave.
             The game lasted 01:02:25 (18626 turns).

ABBCCCDDDD the Covert (Vampire Enchanter)          Turns: 18626, Time: 01:02:26

Health: -2/77      AC: 15    Str: 13    XL:     12   Next: 69%
Magic:  18/18      EV: 16    Int: 21    God:    Dithmenos [*****.]
Gold:   986        SH:  5    Dex: 16    Spells: 7/20 levels left

rFire    . . .     SeeInvis +   w - +1 dagger (flame)
rCold    + + +     Faith    .   R - +0 buckler
rNeg     + + +     Spirit   .   T - +1 ring mail {rC+}
rPois    ∞         Reflect  .   v - +0 helmet
rElec    .         Harm     .   (no cloak)
rCorr    .         Rampage  .   t - +2 pair of gloves {archery}
Will     +....                  u - +0 pair of boots
Stlth    ++++++++++             f - amulet of magic regeneration
HPRegen  0.00/turn              L - +4 ring of protection
MPRegen  0.41/turn              g - +6 ring of strength

@: bloodless, wreathed by umbra
A: fangs 3, see invisible, unbreathing
a: Bat Form, Revivify, Renounce Religion, Shadow Step, Shadow Form


You were in an ice cave.
You worshipped Dithmenos.
Dithmenos was extremely pleased with you.
You visited 3 branches of the dungeon, and saw 16 of its levels.
You also visited: Sewer and Ice Cave.

You collected 1156 gold pieces.
You spent 170 gold pieces at shops.

Inventory:

Hand Weapons
 w - a +1 dagger of flaming (weapon)
 U - a +2 falchion of electrocution
 V - a +0 scimitar of flaming
Missiles
 h - 4 atropa-tipped darts
 m - 3 throwing nets
Armour
 t - a +2 pair of gloves of archery (worn)
 u - a +0 pair of boots (worn)
 v - a +0 helmet (worn)
 R - a +0 buckler (worn)
 T - a +1 ring mail of cold resistance (worn)
Jewellery
 f - an amulet of magic regeneration (around neck)
 g - a +6 ring of strength (right hand)
 q - an uncursed ring of protection from fire
 J - an uncursed amulet of regeneration
 L - a +4 ring of protection (left hand)
 Y - an uncursed ring of wizardry
Wands
 a - a wand of random effects (7)
 p - a wand of polymorph (11)
 y - a wand of acid (8)
 O - a wand of paralysis (14)
 P - a wand of flame (17)
Scrolls
 b - 10 scrolls of remove curse
 d - 3 scrolls of fog
 j - 10 scrolls of teleportation
 l - 2 scrolls of identify
 n - 5 scrolls of magic mapping
 s - 3 scrolls of amnesia {unknown}
 A - a scroll of enchant weapon {unknown}
 B - 3 scrolls of blinking {unknown}
 G - a scroll of summoning {unknown}
 I - a scroll of enchant armour {unknown}
 M - a scroll of holy word {unknown}
 Q - 2 scrolls of fear
Potions
 c - 2 potions of mutation
 e - 2 potions of flight
 k - 6 potions of haste
 o - 6 potions of heal wounds
 r - 11 potions of curing
 x - a potion of resistance
 z - 2 potions of brilliance {unknown}
 E - 2 potions of lignification {unknown}
 F - a potion of invisibility {unknown}
 H - a potion of degeneration {unknown}
 K - a potion of magic {unknown}
 N - 2 potions of berserk rage {unknown}
 W - a potion of might {unknown}
Miscellaneous
 S - a condenser vane


   Skills:
 - Level 10.0 Fighting
 - Level 6.0 Short Blades
 - Level 9.6 Dodging
 + Level 12.5 Stealth
 - Level 4.6 Shields
 + Level 4.6 Spellcasting
 + Level 2.7 Conjurations
 - Level 12.0 Hexes
 - Level 2.0 Ice Magic
 + Level 4.6 Invocations
 + Level 4.6 Evocations


You had 7 spell levels left.
You knew the following spells:

 Your Spells              Type           Power        Failure   Level
a - Corona                Hex            58%          1%          1
b - Ensorcelled Hibernat  Hex/Ice        68%          2%          2
c - Tukima's Dance        Hex            53%          1%          3
d - Dazzling Flash        Conj/Hex       70%          3%          3
e - Fulminant Prism       Conj/Hex       17%          12%         4

Your spell library contained the following spells:

 Spells                   Type           Power        Failure   Level
 Confusing Touch          Hex            53%          1%          3
 Magic Dart               Conj           64%          9%          1
 Searing Ray              Conj           32%          12%         2
 Animate Skeleton         Necr           8%           26%         1
 Pain                     Necr           16%          26%         1
 Sting                    Tmut/Pois      16%          26%         1
 Poisonous Vapours        Pois/Air       8%           36%         2
 Mephitic Cloud           Conj/Pois/Air  8%           45%         3
 Ignite Poison            Fire/Tmut/Pois 4%           58%         3
 Vampiric Draining        Necr           2%           58%         3
 Iskenderun's Mystic Bla  Conj/Tloc      10%          80%         4
 Animate Dead             Necr           2%           94%         4
 Olgreb's Toxic Radiance  Pois           4%           94%         4
 Agony                    Necr           4%           100%        5


Dungeon Overview and Level Annotations

Branches:
Dungeon (12/15)            Temple (0/1) D:6            Lair (2/6) D:11
    Orc (2/2) D:9             Elf (0/3) Orc:2         Sewer (visited)
  IceCv (1/1)
  Swamp: Lair:2-4    Shoals: Lair:2-4     Snake: Lair:2-4    Spider: Lair:2-4

Altars:
Ashenzari
Dithmenos
Elyvilon
Fedhas
Kikubaaqudgha
Qazlal
Ru
Trog
Uskayaw
Vehumet
Wu Jian
Xom
Yredelemnul
Zin

Shops:
D:9 ?

Annotations:
D:2 exclusion: adder, Jessica
D:3 2 transporters, sixsigma's ghost, amateur MiFi
D:4 1 runed translucent door, Thian's ghost, novice GrFi
D:5 exclusion: statue
D:6 exclusions: centaur and iguana
D:7 2 transporters, Menkaure
D:10 exclusion: downstairs, Fannar
D:11 exclusion: ugly thing
D:12 Jorgrun


Innate Abilities, Weirdness & Mutations

You do not regenerate when monsters are visible.
You are frail without blood (-20% HP).
You can heal yourself when you bite living creatures.
You are immune to poison.
You have razor-sharp teeth.
You have supernaturally acute eyesight. (SInv)
You can survive without breathing.


Message History

Aim: an alligator simulacrum (moderately damaged, umbra, chance to affect: 63%)
The alligator simulacrum resists with significant effort.
The alligator simulacrum bites you! The alligator simulacrum freezes you.
You resist.
The alligator simulacrum tail-slaps you!
* * * LOW HITPOINT WARNING * * *
The alligator simulacrum freezes you. You resist.
* * * LOW HITPOINT WARNING * * *
Aiming: Paralyse
Press: ? - help, Shift-Dir - straight line, f/p - alligator simulacrum
Aim: an alligator simulacrum (moderately damaged, umbra, chance to affect: 63%)
The alligator simulacrum resists with significant effort.
The alligator simulacrum misses you.
The alligator simulacrum tail-slaps you but does no damage.
Aiming: Paralyse
Press: ? - help, Shift-Dir - straight line, f/p - alligator simulacrum
Aim: an alligator simulacrum (moderately damaged, umbra, chance to affect: 63%)
The alligator simulacrum resists with significant effort.
The alligator simulacrum bites you!!
You die...

#### ##..##
##....###
#.......##...
#.∩.∩.......#
#........Z.##
##....##Z.##
##@Z## ##
####


You could see an alligator simulacrum.

Vanquished Creatures
  Harold (D:10)
  A boulder beetle (D:11)
  An ice dragon (D:11)
  Erica (D:8)
  2 two-headed ogres
  An orc knight (Orc:1)
  A deep elf mage (D:11)
  An ugly thing (D:9)
  A manticore (D:11)
  2 centaur zombies (D:11)
  3 cyclopes
  A gargoyle (D:11)
  A cane toad (Lair:2)
  3 komodo dragons (Lair:1)
  A tengu conjurer (D:11)
  A wolf spider simulacrum (IceCv)
  5 trolls
  A basilisk (D:11)
  12 yaks
  5 vampire mosquitoes
  Edmund (D:4)
  2 soldier ants
  A warg (D:9)
  2 water moccasins (Lair:1)
  19 orc warriors
  3 sky beasts
  5 black bears
  3 ice beasts
  2 phantoms
  12 ogres
  6 wolves
  7 centaurs
  2 big kobolds
  Blork the orc (D:4)
  10 bullfrogs
  5 gnoll sergeants (D:9)
  2 scorpions
  2 wights (D:11)
  7 killer bees
  5 electric eels
  A howler monkey (D:4)
  6 bullfrog zombies
  A quasit (D:9)
  4 bullfrog skeletons
  17 hounds
  2 jellies
  17 orc priests
  A centaur skeleton (D:6)
  17 orc wizards
  Ijyb (D:4)
  8 iguanas
  8 worker ants
  A hound zombie (D:9)
  A mummy (D:5)
  A worker ant zombie (D:5)
  A howler monkey skeleton (D:9)
  5 gnolls
  19 adders
  4 river rats (Sewer)
  2 shadow imps
  5 white imps
  3 ufetubi
  2 oozes
  2 adder skeletons
  2 worms
  7 dart slugs
  11 leopard geckos
  60 orcs
  6 bats
  8 giant cockroaches
  7 goblins
  5 hobgoblins
  23 jackals
  7 quokkas
  10 ball pythons (Sewer)
  7 frilled lizards
  2 hobgoblin zombies (D:5)
  12 kobolds
  A leopard gecko skeleton (D:4)
  An orc zombie (D:5)
  A quokka skeleton (D:9)
  A quokka zombie (D:6)
  26 rats
468 creatures vanquished.

Vanquished Creatures (collateral kills)
  3 wights (D:11)
3 creatures vanquished.

Vanquished Creatures (others)
  A dancing weapon (D:11)
  A hobgoblin zombie (D:5)
  A plant (Lair:1)
3 creatures vanquished.

Grand Total: 474 creatures vanquished

Notes
Turn   | Place    | Note
-------+----------+-------------------------------------------
     0 | D:1      | ABBCCCDDDD the Vampire Enchanter began the quest for the
                  | Orb.
     0 | D:1      | Reached XP level 1. HP: 13/13 MP: 3/3
   232 | D:1      | Reached skill level 5 in Stealth
   232 | D:1      | Reached XP level 2. HP: 12/19 MP: 3/5
   235 | D:1      | Learned a level 2 spell: Ensorcelled Hibernation
   372 | D:1      | Reached skill level 5 in Hexes
   467 | D:1      | Reached skill level 1 in Ice Magic
   477 | D:1      | Reached XP level 3. HP: 21/24 MP: 6/6
  1537 | D:2      | Noticed an earth elemental
  1543 | D:2      | Noticed a fire elemental
  1545 | D:2      | Found a stormy altar of Qazlal.
  1546 | D:2      | Noticed an air elemental
  1546 | D:2      | Noticed a water elemental
  1585 | D:2      | Found a blossoming altar of Fedhas.
  1587 | D:2      | Noticed Jessica
  1870 | D:3      | Reached XP level 4. HP: 30/30 MP: 0/7
  2038 | D:3      | Found a shadowy altar of Dithmenos.
  2039 | D:3      | Found a white marble altar of Elyvilon.
  2041 | D:3      | Found an ornate altar of the Wu Jian Council.
  2070 | D:3      | Found a shimmering altar of Xom.
  2209 | D:3      | Noticed sixsigma's ghost (amateur MiFi)
  2210 | D:3      | Found a transporter.
  2210 | D:3      | Found a transporter.
  2210 | D:3      | Noticed an ogre
  2210 | D:3      | Identified the +3 great mace "Muniom" {pain, Int+4}
  2210 | D:3      | Noticed an ogre
  2211 | D:3      | Noticed an ogre
  2552 | D:3      | Found a hide-covered altar of Uskayaw.
  2924 | D:4      | Reached XP level 5. HP: 35/35 MP: 5/8
  2924 | D:4      | Noticed Ijyb
  2937 | D:4      | Killed Ijyb
  3001 | D:4      | Found a glowing drain.
  3018 | Sewer    | Entered a sewer
  3359 | Sewer    | Reached XP level 6. HP: 41/41 MP: 9/9
  3529 | Sewer    | Reached skill level 10 in Stealth
  3725 | D:4      | Noticed Thian's ghost (novice GrFi)
  3737 | D:4      | Learned a level 3 spell: Tukima's Dance
  3778 | D:4      | Found a runed translucent door.
  3912 | D:4      | Reached XP level 7. HP: 38/47 MP: 10/10
  4012 | D:4      | Noticed Edmund
  4036 | D:4      | Killed Edmund
  4037 | D:4      | Reached skill level 1 in Fighting
  4199 | D:3      | Became a worshipper of Dithmenos the Shadowed
  4930 | D:4      | Reached XP level 8. HP: 43/57 MP: 7/11
  5057 | D:4      | Noticed Blork the orc
  5059 | D:4      | Killed Blork the orc
  5167 | D:5      | Entered Level 5 of the Dungeon
  5272 | D:5      | Reached skill level 5 in Dodging
  5450 | D:5      | You fall into a shaft and drop 3 floors!
  5540 | D:5      | Reached * piety under Dithmenos
  5550 | D:5      | Found a radiant altar of Vehumet.
  6246 | D:6      | Reached skill level 5 in Fighting
  6700 | D:6      | Reached XP level 9. HP: 51/54 MP: 3/12
  6760 | D:6      | Reached ** piety under Dithmenos
  6893 | D:6      | Found a staircase to the Ecumenical Temple.
  7050 | D:6      | Found a sacrificial altar of Ru.
  7340 | D:7      | Found an ancient bone altar of Kikubaaqudgha.
  7340 | D:7      | Found a basalt altar of Yredelemnul.
  7341 | D:7      | Noticed Menkaure
  7342 | D:7      | Found a transporter.
  7373 | D:7      | Found a transporter.
  7901 | D:7      | Learned a level 3 spell: Dazzling Flash
  9224 | D:8      | Found a broken altar of Ashenzari.
  9429 | D:8      | Noticed Erica
 10227 | D:9      | Reached *** piety under Dithmenos
 10348 | D:9      | Noticed a two-headed ogre
 10357 | D:9      | Killed a two-headed ogre
 10358 | D:9      | Reached XP level 10. HP: 63/63 MP: 16/16
 10467 | D:9      | Noticed a cyan ugly thing
 10540 | D:9      | Found Yda Afephuit's Magic Scroll Shoppe.
 10616 | D:9      | Bought a scroll of teleportation for 51 gold pieces
 10616 | D:9      | Bought 2 scrolls of fear for 119 gold pieces
 10847 | D:9      | Reached skill level 10 in Hexes
 10999 | D:9      | Reached skill level 1 in Conjurations
 11008 | D:9      | Found a staircase to the Orcish Mines.
 11439 | D:9      | Reached **** piety under Dithmenos
 11605 | D:9      | Reached skill level 1 in Shields
 11940 | D:10     | Entered Level 10 of the Dungeon
 11947 | D:10     | Noticed Fannar
 12660 | D:11     | Reached XP level 11. HP: 59/68 MP: 17/17
 12866 | D:11     | Noticed a white ugly thing
 13002 | D:10     | Noticed a two-headed ogre
 13005 | D:10     | Noticed Harold
 13007 | D:10     | Killed a two-headed ogre
 13012 | D:10     | Killed Harold
 13376 | D:9      | Killed a cyan ugly thing
 13441 | Orc:1    | Entered Level 1 of the Orcish Mines
 13568 | Orc:1    | Noticed an orc knight
 13680 | Orc:1    | Killed an orc knight
 14202 | Orc:1    | Found a bloodstained altar of Trog.
 14433 | Orc:2    | Entered Level 2 of the Orcish Mines
 14451 | Orc:2    | Found a staircase to the Elven Halls.
 14666 | D:8      | Killed Erica
 15154 | D:11     | Noticed a boulder beetle
 15168 | D:11     | Killed a boulder beetle
 15412 | D:11     | Reached skill level 10 in Fighting
 15412 | D:11     | Reached skill level 5 in Short Blades
 15525 | D:11     | Reached XP level 12. HP: 77/77 MP: 14/18
 15922 | D:11     | Found a staircase to the Lair.
 16025 | D:11     | Reached skill level 1 in Invocations
 16025 | D:11     | Reached skill level 1 in Evocations
 16044 | D:11     | Reached ***** piety under Dithmenos
 16194 | D:11     | Found a glowing silver altar of Zin.
 16422 | D:11     | Noticed an ice dragon
 16425 | D:11     | Killed an ice dragon
 16438 | D:11     | Got a shimmering great mace
 16445 | D:11     | Identified the +5 great mace of the Illusory Ziggurats
                  | {holy, rF+ Int+2} (You found it on level 11 of the Dungeon)
 16866 | D:12     | Learned a level 4 spell: Fulminant Prism
 17025 | D:12     | Got a distressingly furry robe
 17026 | D:12     | Identified the +1 robe "Fuhippaf" {Slay+2} (You found it on
                  | level 12 of the Dungeon)
 17464 | D:12     | Noticed Jorgrun
 17514 | Lair:1   | Entered Level 1 of the Lair of Beasts
 18602 | Lair:2   | Found a frozen archway.
 18613 | IceCv    | Entered an ice cave
 18626 | IceCv    | Slain by an alligator simulacrum

Illustrated notes

Levels and vault maps discovered:
D:1:      amcnicky_arrival_wind_blow, layout_basic
D:2:      cheibrodos_helix_gallery, layout_basic, fedhas_altar_3,
          nicolae_qazlal_style_of_elements, uniq_jessica
D:3:      layout_loops_corners, eat_drink_and_be_merry_uskayaw,
          nicolae_overflow_quartered_altars, gammafunk_ghost_smash
D:4:      layout_loops_corners, portal_sewer_entry_f,
          hellmonk_ghost_happy_afterlife, uniq_blork_the_orc, uniq_ijyb,
          uniq_edmund
D:5:      layout_gridville, vehumet_statue, minmay_mini_ossuary
D:6:      layout_gridville, led_sif_book, minmay_temple_entry_grid, basic_altar,
          wad_rectangle_vault
D:7:      layout_layer_cave, gammafunk_temple_of_torment
D:8:      layout_loops_ring, ashenzari_altar_1, uniq_erica
D:9:      layout_roguey, kennysheep_orc_monster_closet_entryway, serial_shops,
          shop
D:10:     layout_loops_ring, uniq_fannar, uniq_harold
D:11:     layout_loops_ring, erik_lair_island, hangedman_decor_clover_reticule,
          kennysheep_flooded_box, chequers_decorated_corner,
          minmay_misc_feat_ornament, minmay_evil_grid
D:12:     layout_roguey, evilmike_minifort, uniq_jorgrun
Lair:1:   layout_small_grid, hangedman_lair_unloving_vines,
          infiniplex_staircase_pool_2, serial_bayou_shore_a
Lair:2:   layout_cave_shapes, portal_ice_cave_entry_pillars_2
Orc:1:    layout_caves, basic_altar
Orc:2:    st_orc_mages, layout_caves, bloody_makhleb, uniq_sonja, uniq_rupert
IceCv:    ice_cave_small_necro

Skill      XL: |  1  2  3  4  5  6  7  8  9 10 11 12 |
---------------+-------------------------------------+-----
Stealth        | 5 6 7 8 10 12 | 12.5
Hexes          | 5 6 7 9 10 12 | 12.0
Ice Magic      | 1 2 |  2.0
Fighting       | 2 5 7 8 10 | 10.0
Dodging        | 4 7 8 9 |  9.6
Spellcasting   | 4 |  4.6
Conjurations   | 2 |  2.7
Shields        | 4 |  4.6
Short Blades   | 5 6 |  6.0
Invocations    | 4 |  4.6
Evocations     | 4 |  4.6

Action                   |  1- 3 |  4- 6 |  7- 9 | 10-12 || total
-------------------------+-------+-------+-------+-------++-------
Melee: Dagger            |   132 |   213 |   385 |   561 ||  1291
       Bite              |    15 |    12 |    53 |    77 ||   157
       Scimitar          |       |       |       |     3 ||     3
 Cast: Corona            |     3 |       |     1 |    17 ||    21
       Ensorcelled Hiber |     3 |    31 |    84 |   166 ||   284
       Tukima's Dance    |       |       |     1 |     4 ||     5
       Dazzling Flash    |       |       |       |     1 ||     1
Invok: Shadow Step       |       |       |       |     6 ||     6
 Abil: Exsanguinate      |       |       |     1 |       ||     1
Evoke: Wand              |       |     4 |     2 |    30 ||    36
  Use: Scroll            |       |     1 |     7 |    11 ||    19
       Potion            |       |     1 |       |     2 ||     3
 Stab: Sleeping          |    16 |    28 |    78 |   154 ||   276
       Distracted        |       |       |     2 |     1 ||     3
       Paralysed         |       |       |       |     1 ||     1
Armor: Leather armour    |     4 |       |       |       ||     4
       Ring mail         |    23 |   136 |   114 |   104 ||   377
Dodge: Dodged            |    60 |   134 |   279 |   323 ||   796
Block: Buckler           |       |       |       |    91 ||    91
       Rpst.: Scimitar   |       |       |       |     1 ||     1
